 Dungeon Crawl Stone Soup version 0.23-a0-650-ga4d50d4 (console) character file.

47 bli the Skirmisher (level 3, -1/29 HPs)
             Began as a Formicid Abyssal Knight on Jan 4, 2019.
             Was a Follower of Lugonu.
             Killed by nerve-wracking pain
             ... invoked by Jessica
              (13 damage)
             ... on level 2 of the Dungeon.
             The game lasted 00:05:23 (1418 turns).

bli the Skirmisher (Formicid Abyssal Knight)        Turns: 1418, Time: 00:05:23

Health: -1/29      AC:  4    Str: 19    XL:     3   Next: 97%
Magic:  4/4        EV: 11    Int: 11    God:    Lugonu [*.....]
Gold:   109        SH:  0    Dex: 11    Spells: 2/2 levels left

rFire    + . .     SeeInvis +   a - +6 long sword {slice, Str+3}
rCold    . . .     Gourm    .   (no shield)
rNeg     . . .     Faith    .   d - +0 leather armour
rPois    .         Spirit   .   (helmet unavailable)
rElec    .         Reflect  .   (no cloak)
rCorr    .         Harm     .   (no gloves)
MR       .....                  v - +0 pair of boots
Stlth    +.........             (no amulet)
HPRegen  0.09/turn              u - ring of protection from fire
MPRegen  0.09/turn              (no ring)

@: no status effects
A: permanent stasis, dig shafts and tunnels, four strong arms, antennae 3
a: Dig, Shaft Self, Depart the Abyss, Renounce Religion


You were on level 2 of the Dungeon.
You worshipped Lugonu.
Lugonu was aware of your devotion.
You were not hungry.

You visited 1 branch of the dungeon, and saw 2 of its levels.
You visited the Abyss 1 time.

You collected 109 gold pieces.

Inventory:

Hand Weapons
 a - the +6 long sword of Foul Odors (weapon) {slice, Str+3}
   (You found it on level 2 of the Abyss)

   It inflicts extra damage upon your enemies.
   It affects your strength (+3).
 b - a +1 hand axe
 h - a +0 mace
 m - a +0 spear
 r - a +0 short sword
Missiles
 k - 16 poisoned needles
 n - 42 stones (quivered)
Armour
 d - a +0 leather armour (worn)
 i - a +0 scale mail
 t - a +0 ring mail
 v - a +0 pair of boots (worn)
Jewellery
 u - a ring of protection from fire (left hand)
Scrolls
 e - a scroll of enchant armour {unknown}
 l - 2 scrolls of identify {unknown}
 s - a scroll of teleportation {unknown}
Potions
 f - a potion of curing
 j - a potion of mutation {unknown}
 o - 2 potions of magic {unknown}
 p - a potion of ambrosia {unknown}
 q - 2 potions of heal wounds {unknown}
Comestibles
 c - 2 rations


   Skills:
 - Level 3.2 Fighting
 * Level 3.2 Long Blades
 - Level 2.0 Axes
 - Level 2.1 Armour
 - Level 0.8 Dodging
 - Level 2.1 Invocations


You had 2 spell levels left.
You didn't know any spells.
Your spell library was empty.

Dungeon Overview and Level Annotations

Branches:
Dungeon (2/15)

Altars:

Annotations:
D:2 Jessica


Innate Abilities, Weirdness & Mutations

You cannot be hasted, slowed, berserked, paralysed or teleported.
You can dig through walls and to a lower floor.
Your four strong arms can wield two-handed weapons with a shield.
You have a pair of large antennae on your head. (SInv)


Message History

Lugonu accepts your kill.
You barely miss Jessica.
Jessica is moderately wounded.
Jessica hits you but does no damage. Jessica gestures at you while chanting.
You resist with some effort.
You slash the goblin!
You kill the goblin!
Lugonu accepts your kill.
You hit Jessica.
Jessica is almost dead.
Jessica barely misses you.
You barely miss Jessica.
Jessica is almost dead.
Jessica drinks a potion.
Jessica is healed!
The hobgoblin hits you.
Jessica You barely miss Jessica.
The hobgoblin misses you.
You riposte.
You hit the The hobgoblin is moderately wounded.
Jessica gestures at you while chanting. Pain shoots through your body!
You die...

..#..#####.##.####
.....##..........#
......<.##.##..#.#
.......#######'#######
.....###.............#
#......#.............#
.#######.............#
...# #......#......#
...#...#....##.##....#
.......#....#..@#....#
...#...+...#..#g@#%..+
...#...#..%.#...#....#
.### ###....##.##....#
.# #... ..# ....# .#
#.. ... ....# ..
#...... ....# .# ....
....# ### #####


You could see Jessica and a hobgoblin.

Vanquished Creatures
  An adder (D:2)
  A worm (D:2)
  3 leopard geckos (D:2)
  3 giant cockroaches (D:1)
  3 hobgoblins
  3 jackals (D:1)
  3 kobolds
  5 bats
  A frilled lizard (D:1)
  3 goblins
  5 rats
31 creatures vanquished.

Notes
Turn   | Place    | Note
-------+----------+-------------------------------------------
     0 | Abyss:1  | bli the Formicid Abyssal Knight began the quest for the
                  | Orb.
     0 | Abyss:1  | Reached XP level 1. HP: 18/18 MP: 2/2
    18 | Abyss:2  | Got a crystal long sword
    32 | Abyss:3  | Noticed an ancient zyme
    71 | Abyss:3  | Noticed a storm dragon zombie
    96 | Abyss:3  | Noticed a chaos spawn
    97 | D:1      | Escaped the Abyss
   100 | D:1      | Identified the +6 long sword of Foul Odors {slice, Str+3}
                  | (You found it on level 2 of the Abyss)
   255 | D:1      | Reached skill level 1 in Long Blades
   261 | D:1      | Reached XP level 2. HP: 18/24 MP: 3/3
   401 | D:1      | Reached * piety under Lugonu
   773 | D:1      | Reached XP level 3. HP: 29/29 MP: 4/4
  1401 | D:2      | Noticed Jessica
  1418 | D:2      | Killed from afar by Jessica

Vault maps used:
D:1:      minmay_arrival_doors
D:2:      minitemple, kennysheep_generic_room_2, uniq_jessica
Abyss:3:  nicolae_abyss_rune_star_stuff

Skill      XL: |  1  2  3 |
---------------+----------+-----
Long Blades    | 1 2 3 |  3.2
Fighting       | |  3.2
Axes           | |  2.0
Armour         | |  2.1
Dodging        | |  0.8
Invocations    | |  2.1

Action                   || total
-------------------------++-------
Melee: Long sword        ||    58
Throw: Stone             ||     3
Invok: Depart the Abyss  ||     1
 Abil: Dig               ||     1
  Eat: Chunk             ||     2
Armor: Leather armour    ||    24
Dodge: Dodged            ||    56
       Rpst.: Long sword ||    15

Table legend:
 A = Non-vault XP
 B = Vault XP
 C = Vault XP percentage of total XP
 D = Non-vault monster count
 E = Vault monster count
 F = Vault count percentage of total count
                 A         B        C        D         E       F
            +---------+---------+-------+---------+---------+-------
      Total |      68 |       0 |   0.0 |      31 |       0 |   0.0
            +---------+---------+-------+---------+---------+-------
        D:1 |      29 |       0 |   0.0 |      18 |       0 |   0.0
        D:2 |      39 |       0 |   0.0 |      13 |       0 |   0.0
            +---------+---------+-------+---------+---------+-------
